 Dungeon Crawl Stone Soup version bcrawl-1.19.2-6-g6a88ae04c9 (webtiles) character file.

Game seed: 2445135678727431919

73 Mrkan the Skirmisher (level 4, -3/41 HPs)
             Began as a Hill Orc Fighter on Jan 1, 2020.
             Was an Initiate of Ashenzari.
             Slain by a worker ant (5 damage)
             ... on level 3 of the Dungeon.
             The game lasted 00:02:19 (1492 turns).

Mrkan the Skirmisher (Hill Orc Fighter)             Turns: 1492, Time: 00:02:19

Health: -3/41      AC:  9    Str: 16 (19) XL:     4   Next: 27%
Magic:  4/4        EV:  4    Int:  6 (8)  God:    Ashenzari [......]
Gold:   168        SH:  8    Dex:  8 (10) Spells: 3/3 levels left

rFire    . . .     SeeInvis .   a - +0 war axe (curse)
rCold    . . .     Gourm    .   c - +0 shield (curse)
rNeg     . . .     Faith    .   i - +0 chain mail
rPois    .         Spirit   .   (no helmet)
rElec    .         Reflect  .   (no cloak)
rCorr    .         Harm     .   (no gloves)
MR       .....                  (no boots)
Stlth    ..........             (no amulet)
HPRegen  0.13/turn              (no ring)
MPRegen  0.09/turn              (no ring)

@: no status effects
A: no striking features
a: Curse Item, Renounce Religion


You were on level 3 of the Dungeon.
You worshipped Ashenzari.
Ashenzari was noncommittal.
You were not hungry.

You visited 1 branch of the dungeon, and saw 3 of its levels.

You collected 168 gold pieces.

Inventory:

Hand Weapons
 a - a cursed +0 war axe (weapon)
Armour
 c - a cursed +0 shield (worn)
 i - a +0 chain mail (worn)
Scrolls
 b - 2 scrolls of remove curse {unknown}
 h - a scroll of enchant armour {unknown}
 j - 3 scrolls of identify {unknown}
 k - a scroll of noise {unknown}
Potions
 d - a potion of might
 e - a potion of curing
 g - a potion of degeneration
 l - a potion of heal wounds {unknown}
 m - a potion of flight {unknown}
Comestibles
 f - 4 rations {!d}
 n - 2 chunks of flesh


   Skills:
 * Level 4.7 Fighting
   Level 4.7 Short Blades
   Level 4.7 Long Blades
   Level 4.7 Axes
   Level 4.7 Maces & Flails
   Level 4.7 Polearms
   Level 4.7 Staves
 + Level 3.9 Armour
 + Level 3.9 Shields
   Level 4.7 Unarmed Combat


You had 3 spell levels left.
You didn't know any spells.
Your spell library was empty.

Dungeon Overview and Level Annotations

Branches:
Dungeon (3/12)

Altars:
Ashenzari
Makhleb
Ru
Uskayaw
Vehumet
Zin


Message History

You block the worker ant's attack.
The worker ant bites you but does no damage.
The orc wizard hits you but does no damage.
It was a potion of curing.
You feel better. You block the adder's attack. The worker ant bites you.
* * * LOW HITPOINT WARNING * * *
The orc hits you from afar with a +0 trident.
* * * LOW HITPOINT WARNING * * *
You block the orc wizard's attack. The worker ant barely misses you.
The orc hits you but does no damage. The adder bites you but does no damage.
The worker ant bites you.
* * * LOW HITPOINT WARNING * * *
It was a potion of degeneration.
There was something very wrong with that liquid.
You feel weakened.
You feel dopey.
You feel clumsy.
The orc wizard gestures at you while chanting.
The puff of frost hits you!
* * * LOW HITPOINT WARNING * * *
The orc barely misses you. The worker ant bites you.
You die...

...... ..
......####.####
...............
.............#
.............#
.....o..<...#
......S)a..#
#...a@######
#...oo.....#
###..$.###.##
#..........
#..........
##(........
#...###...
#...# ... #...#
#............


You could see 2 worker ants, an orc wizard, an adder and 2 orcs.

Vanquished Creatures
  2 adders (D:2)
  2 oozes
  2 worms (D:3)
  A dart slug (D:1)
  A leopard gecko (D:1)
  2 orcs (D:3)
  A giant cockroach (D:2)
  4 goblins
  9 hobgoblins
  A quokka (D:2)
  3 bats
  A frilled lizard (D:2)
  6 kobolds
  A rat (D:1)
36 creatures vanquished.

Notes
Turn   | Place    | Note
-------+----------+-------------------------------------------
     0 | D:1      | Mrkan the Hill Orc Fighter began the quest for the Orb.
     0 | D:1      | Reached XP level 1. HP: 20/20 MP: 1/1
   213 | D:1      | Reached XP level 2. HP: 27/27 MP: 2/2
   661 | D:2      | Found a shattered altar of Ashenzari.
   665 | D:2      | Reached XP level 3. HP: 34/34 MP: 3/3
   670 | D:2      | Became a worshipper of Ashenzari the Shackled
  1075 | D:2      | Found a sacrificial altar of Ru.
  1077 | D:2      | Found a burning altar of Makhleb.
  1077 | D:2      | Found a hide-covered altar of Uskayaw.
  1077 | D:2      | Found a radiant altar of Vehumet.
  1134 | D:2      | Found a glowing silver altar of Zin.
  1415 | D:3      | Reached XP level 4. HP: 40/41 MP: 4/4
  1439 | D:3      | Found a faded altar of an unknown god.
  1490 | D:3      | HP: 2/41 [worker ant (6)]
  1492 | D:3      | Slain by a worker ant

Action                   |  1- 3 |  4- 6 || total
-------------------------+-------+-------++-------
Melee: War axe           |    84 |    21 ||   105
Invok: Curse Item        |     2 |       ||     2
  Use: Potion            |       |     2 ||     2
  Eat: Chunk             |     1 |     1 ||     2
Armor: Scale mail        |     5 |       ||     5
       Chain mail        |    31 |    30 ||    61
Dodge: Dodged            |    14 |    12 ||    26
Block: Shield            |    48 |    17 ||    65
